[Event "*** SCC Grand Prix: Titled Tuesday Blitz"]
[Site "Chess.com"]
[Date "2020.07.07"]
[Round "3"]
[White "mattcolins2025"]
[Black "FMKonstantin_Twitch"]
[Result "1/2-1/2"]
[WhiteElo "2381"]
[BlackElo "2558"]
[TimeControl "180+1"]
[EndTime "10:30:06 PDT"]
[Termination "Game drawn by stalemate"]

1. d4 Nf6 2. c4 c5 3. d5 e6 4. Nc3 exd5 5. cxd5 d6 6. Nf3 g6 7. Bf4 Bg7 8. h3 O-O 9. e3 a6 10. a4 Re8 11. Nd2 Nh5 12. Bh2 Be5 13. Be2 Bxh2 14. Bxh5 Be5 15. Bf3 Qh4 16. O-O Nd7 17. Be2 Bg7 18. Nc4 Qe7 19. Bd3 b6 20. Ne4 Bb7 21. Nexd6 Bxd5 22. Nxe8 Rxe8 23. e4 Bxc4 24. Bxc4 Bxb2 25.
Rb1 Bd4 26. Bxa6 Qxe4 27. Bb5 Rd8 28. Qg4 Qxg4 29. hxg4 Ne5 30. g5 Rd6 31. Rbd1 Kg7 32. Kh2 h5 33. gxh6+ Kxh6 34. f3 f5 35. Rfe1 Rf6 36.
Rxd4 Nxf3+ 37. gxf3 cxd4 38. Rd1 Rd6 39. f4 Kh5 40.
Kg3 g5 41. Be8+ Kh6 42. Rh1+ Kg7 43. fxg5 d3 44. Kf4 Rd5 45. Bb5 d2 46. Rd1 Kg6 47.
Be8+ Kg7 48. Ke3 Re5+ 49. Kxd2 Rxe8 50. Rb1 Re6 51. Rb5 Kg6 52. a5 bxa5 53. Rxa5 Kxg5 54. Ra4 f4 55. Ra1 f3 56. Re1 Rf6 57. Ke3 Re6+ 58.
Kf2 Rxe1 59. Kxe1 Kh4 60. Kf2 Kg4 61. Kf1 Kf5 62. Kf2 Kf4 63. Kf1 Kg3 64. Kg1 f2+ 65.
Kf1 Kf3 1/2-1/2

[Event "*** SCC Grand Prix: Titled Tuesday Blitz"]
[Site "Chess.com"]
[Date "2020.07.07"]
[Round "3"]
[White "ketster"]
[Black "KaspMagAlpha"]
[Result "1-0"]
[WhiteElo "2443"]
[BlackElo "2235"]
[TimeControl "180+1"]
[EndTime "10:30:06 PDT"]
[Termination "ketster won by resignation"]

1. d4 Nf6 2. c4 e6 3. g3 Bb4+ 4. Bd2 Be7 5. Bg2 O-O 6. Nf3 b6 7. Ne5 d5 8. O-O Bb7 9. Nc3 c6 10. Qa4 Nfd7 11. Nxd7 Nxd7 12. e4 dxc4 13. Qxc4 b5 14.
Qb3 b4 15. Na4 a5 16. Rfd1 Rc8 17. Be3 Ba6 18. Rac1 Bb5 19. Nc5 Nxc5 20. dxc5 Qc7 21. Bf4 e5 22. Be3 Rcd8 23. Bf1 Bxf1 24. Kxf1 Rxd1+ 25.
Rxd1 Rd8 26. Kg2 Rxd1 27. Qxd1 Qd8 28. Qa4 Qc7 29. a3 bxa3 30. bxa3 Kf8 31. Qb3 h6 32. Qb6 Qxb6 33. cxb6 Bd6 34. b7 Bb8 35. f4 f6 36. f5 Ke7 37. Bc5+ Kf7 38. a4 g6 39. g4 gxf5 40. gxf5 Ke8 41. Kf3 h5 42. Ke2 Kd7 43.
Kd3 Kc7 44. Be7 Kxb7 45. Bxf6 Bd6 46. Bg7 Kc7 47. f6 Kd7 48. f7 Bf8 49. Bxf8 Ke6 50. Bc5 Kxf7 51. Bb6 Ke6 52. Bxa5 Kd7 53. Bc3 Kd6 54. Kc4 Kc7 55. Bxe5+ Kb6 56. Bc3 Kc7 57. a5 Kd7 58. Kc5 Kc7 59. a6 Kb8 60. Kxc6 Ka8 61. Kb6 h4 62. e5 h3 63. e6 Kb8 64. e7 1-0

[Event "*** SCC Grand Prix: Titled Tuesday Blitz"]
[Site "Chess.com"]
[Date "2020.07.07"]
[Round "3"]
[White "deep306"]
[Black "londonkid"]
[Result "1-0"]
[WhiteElo "2655"]
[BlackElo "2417"]
[TimeControl "180+1"]
[EndTime "10:30:07 PDT"]
[Termination "deep306 won by resignation"]

1. e4 e6 2. d4 d5 3. Nc3 Nf6 4. e5 Nfd7 5. Nce2 c5 6. c3 Nc6 7.
Nf3 Be7 8. g3 O-O 9. Bg2 b5 10.
O-O a5 11. h4 b4 12. Bg5 h6 13. Bxe7 Qxe7 14. Nf4 Ba6 15. Re1 Rfc8 16. Nh2 bxc3 17. bxc3 cxd4 18. cxd4 Nb4 19. Qg4 Nf8 20. Rac1 Nd3 21.
Nxd3 Bxd3 22. Nf1 Rxc1 23. Rxc1 Qa3 24. Rc7 Qxa2 25. Qf3 Bf5 26. g4 Qb2 27. gxf5 Qb6 28. Rxf7 Kxf7 29. fxe6+ Kg8 30. Qf7+ Kh7 31. e7 Ng6 32.
e8=Q Rxe8 33. Qxe8 Qxd4 34. e6 Nxh4 35. Qd7 Qg4 36.
Qxd5 Nxg2 37. Qxg2 Qxe6 38. Ne3 a4 39. Qa8 Qg6+ 40.
Kf1 Qd3+ 41. Kg2 a3 42. Qa5 Qg6+ 43. Kf3 Qd3 44. Qa4 Qc3 45. Kg4 Qb2 46. Qe4+ Kh8 47. Qe8+ Kh7 48. Qe4+ Kh8 49. Nc4 Qxf2 50. Nxa3 Qf6 51.
Nc4 Qf1 52. Ne5 Qg1+ 53. Kh3 Qh1+ 54. Qxh1 1-0

[Event "*** SCC Grand Prix: Titled Tuesday Blitz"]
[Site "Chess.com"]
[Date "2020.07.07"]
[Round "3"]
[White "Gandrade2"]
[Black "Oligan22"]
[Result "0-1"]
[WhiteElo "2132"]
[BlackElo "2475"]
[TimeControl "180+1"]
[EndTime "10:30:07 PDT"]
[Termination "Oligan22 won on time"]

1. d4 d5 2. c4 dxc4 3. Nf3 a6 4. e3 b5 5. a4 Bb7 6. b3 e6 7. axb5 axb5 8. Rxa8 Bxa8 9. bxc4 bxc4 10. Bxc4 Bd6 11. O-O Nf6 12. Nbd2 O-O 13. Bb2 Bd5 14. Bd3 Bb7 15.
Qe2 Nbd7 16. e4 Be7 17. e5 Nd5 18. Qe4 g6 19. Rc1 c5 20. Qe2 Nf4 21. Qe3 Nxd3 22. Qxd3 Bd5 23. Ne4 cxd4 24. Qxd4 Qa8 25. Nd6 Bxf3 26.
gxf3 Qxf3 27. Rc3 Qh5 28. Re3 Bg5 29. Ne4 Bxe3 30. Qxe3 Qg4+ 31. Kf1 Qd1+ 32. Kg2 Qd5 33. f3 Rc8 34. Bc3 Qc4 35. Kh3 Qf1+ 36. Kg3 Kg7 37. Nf6 Qd1 38. Bd2 Nf8 39. Qh6+ Kh8 40. Bg5 Qg1+ 41. Kh3 Qf1+ 42. Kg3 Qe1+ 43. Kh3 Qxe5 44. Ng4 Qf5 45. Bf6+ Qxf6 46. Nxf6 Rd8 47. Qg5 Ra8 48. Ne4 Kg7 49. Qf6+ Kg8 50. Ng5 Ra7 51. Qd4 Ra5 52. Ne4 Rf5 53. Nf6+ Kh8 54. Ne8+ e5 0-1

[Event "*** SCC Grand Prix: Titled Tuesday Blitz"]
[Site "Chess.com"]
[Date "2020.07.07"]
[Round "3"]
[White "IMHansNiemann"]
[Black "Pultis"]
[Result "1-0"]
[WhiteElo "2932"]
[BlackElo "2658"]
[TimeControl "180+1"]
[EndTime "10:30:09 PDT"]
[Termination "IMHansNiemann won by resignation"]

1. d4 Nf6 2. Nc3 d5 3. Bf4 c5 4.
e3 cxd4 5. exd4 a6 6. Nf3 Nc6 7. Ne5 Bd7 8. g3 e6 9. Nxd7 Qxd7 10. Ne2 Bd6 11. Bg2 Bxf4 12. Nxf4 O-O 13. O-O Qd6 14.
c3 Rfc8 15. Nd3 Nd7 16. Qe2 Na5 17. f4 g6 18. g4 Nc4 19. Rae1 Qb6 20. Qf2 Nd6 21.
f5 exf5 22. gxf5 Nxf5 23. Bh3 Rc6 24. Nb4 Rd6 25. Bxf5 gxf5 26. Qxf5 Nf6 27. Nxd5 Nxd5 28.
Qxf7+ Kh8 29. Re8+ Rxe8 30. Qxe8+ Kg7 31. Rf7+ Kh6 32.
Qf8+ Kg5 33. Rf5+ Kh4 34. Rxd5 Rxd5 35. Qf4+ Kh5 36. Qf3+ Kh6 37. Qxd5 Qg6+ 38. Kf2 Qc2+ 39. Kg3 Qxb2 40. Qe6+ Kg7 41. Qe5+ Kg6 42. d5 Qxa2 43. d6 Qd2 44. Qe6+ Kg7 45. d7 Qxc3+ 46. Kf4 Qd4+ 47.
Kf5 Qd3+ 48. Ke5 Qe3+ 49. Kd6 Qb6+ 50. Ke7 Qc5+ 51. Ke8 Qb5 52. Qe7+ Kg6 53. Qe6+ Kg7 54. Qf7+ Kh6 55. Qf6+ Kh5 56. h4 h6 57. Kd8 a5 58.
Kc8 Qc4+ 59. Kb8 Qf4+ 60. Qxf4 1-0

[Event "*** SCC Grand Prix: Titled Tuesday Blitz"]
[Site "Chess.com"]
[Date "2020.07.07"]
[Round "3"]
[White "tlomigtlis"]
[Black "Skatchkov_V"]
[Result "1/2-1/2"]
[WhiteElo "2368"]
[BlackElo "2544"]
[TimeControl "180+1"]
[EndTime "10:30:09 PDT"]
[Termination "Game drawn by repetition"]

1. d4 Nf6 2. c4 e6 3. Nc3 Bb4 4. Qc2 d5 5. cxd5 exd5 6. Nf3 O-O 7. Bg5 c6 8. e3 h6 9. Bh4 Be6 10. Bd3 Nbd7 11. O-O c5 12. a3 Ba5 13. Rad1 Rc8 14. Bf5 cxd4 15. Nxd4 Bxf5 16. Nxf5 Bxc3 17. bxc3 Kh8 18. Qa4 Qb6 19. Qf4 g5 20. Bxg5 hxg5 21. Qxg5 Rg8 22. Qh4+ Nh7 23. Rxd5 Nf6 24. Rd6 Rc6 25.
Rd4 Rxc3 26. Nh6 Rg7 27. Rfd1 Rc8 28. Nf5 Rg5 29. Nd6 Rf8 30. Ne4 Rg4 31. Qh6 Rxe4 32. Rd6 Qb2 33. Rd8 Ree8 34. R8d4 Qc2 35. Rf1 Qg6 36.
Qh3 Re4 37. Rd6 Qg4 38. Qh6 Qg6 39. Qh3 Rg8 40. Rfd1 Rh4 41. Qf3 Ng5 42. Qxf6+ Qxf6 43. Rxf6 Ne4 44. Rf4 Rh5 45. Rxe4 Rhg5 46. g3 Kg7 47.
Rh4 Ra5 48. Rhd4 Rxa3 49. Rg4+ Kh7 50. Rh4+ Kg7 51. Rg4+ Kh7 52. Rh4+ Kg7 53. Rg4+ 1/2-1/2

[Event "*** SCC Grand Prix: Titled Tuesday Blitz"]
[Site "Chess.com"]
[Date "2020.07.07"]
[Round "3"]
[White "Bigfish1995"]
[Black "cassoulet"]
[Result "0-1"]
[WhiteElo "3045"]
[BlackElo "2634"]
[TimeControl "180+1"]
[EndTime "10:30:10 PDT"]
[Termination "cassoulet won on time"]

1. e4 c5 2. Nf3 Nc6 3. Bb5 g6 4. Bxc6 bxc6 5. O-O Bg7 6. Re1 d6 7. h3 Nh6 8. c3 f6 9. d3 Nf7 10. Be3 O-O 11. d4 cxd4 12. cxd4 Rb8 13. b3 Qa5 14.
Nbd2 Bd7 15. Nc4 Qa6 16. Qd2 Rfc8 17. Rac1 Qb5 18. Bf4 Qh5 19. Qd3 g5 20. Bg3 g4 21.
hxg4 Bxg4 22. Nh2 Be6 23. Ne3 Qg6 24. Nf5 Bf8 25. Nf3 Ng5 26. N3h4 Qh5 27. d5 cxd5 28.
Rxc8 Rxc8 29. exd5 Bxf5 30. Nxf5 Rc7 31. Nd4 Rc5 32. Nc6 Nf7 33. Rd1 a5 34. f3 Ne5 35.
Bxe5 fxe5 36. a3 Qg6 37. Qxg6+ hxg6 38. b4 axb4 39. axb4 Rb5 40. Kf2 Kf7 41. Ke3 Bh6+ 42. Ke4 Kf6 43. Ra1 e6 44. dxe6 Kxe6 45. Ra6 Bg5 46.
Kd3 Rd5+ 47. Kc4 Rd2 48. b5 Rxg2 49. Nb4 Be3 50. b6 Bxb6 51. Rxb6 Rf2 52. Rb8 Rxf3 53. Nd5 Ra3 54. Re8+ Kf5 55. Rf8+ Ke4 56. Nf6+ Ke3 57. Kd5 Rd3+ 58. Ke6 e4 59. Nd5+ Kd2 60. Rf2+ Ke1 61. Rg2 e3 62. Nf4 Rd4 0-1

[Event "*** SCC Grand Prix: Titled Tuesday Blitz"]
[Site "Chess.com"]
[Date "2020.07.07"]
[Round "3"]
[White "Margarita2907"]
[Black "grandemestregringo"]
[Result "0-1"]
[WhiteElo "2097"]
[BlackElo "2472"]
[TimeControl "180+1"]
[EndTime "10:30:10 PDT"]
[Termination "grandemestregringo won by resignation"]

1. e4 e6 2. d4 d5 3. Nd2 Nf6 4.
e5 Nfd7 5. Ngf3 c5 6. c3 Nc6 7.
Bd3 cxd4 8. cxd4 a5 9. O-O Be7 10. Qc2 Nb4 11. Qc3 Nxd3 12. Qxd3 b6 13. Qc2 Ba6 14. Re1 Rc8 15. Qa4 O-O 16. Nf1 b5 17. Qb3 a4 18. Qe3 b4 19. Ng3 Rc2 20. a3 b3 21. Rd1 Qc7 22. Ne1 Rc4 23. f4 Rc8 24.
Kh1 Bh4 25. Nd3 Qb6 26. Nb4 g6 27. Nxa6 Qxa6 28. Bd2 Rc2 29. Bc3 Nb6 30. Rac1 Nc4 31.
Qd3 Qc6 32. Rxc2 bxc2 33. Rc1 Nxa3 34. Bb4 Bxg3 35. hxg3 Nb5 36. Bc5 Nc7 37. Rxc2 Na8 38. Rc3 Qb7 39. Qc2 Qb5 40. Ra3 Nb6 41. Qd2 Nc4 42. Qd3 Nxa3 43. Qxa3 Rb8 44. Qc3 Qxb2 45. Qa5 Qb5 46. Qc7 Ra8 47. Qe7 Qa5 48. Qg5 a3 49.
Be7 a2 50. Qh6 a1=Q+ 51. Kh2 Q5a3 52. Bf6 Qf8 53. Qxf8+ Kxf8 0-1

[Event "*** SCC Grand Prix: Titled Tuesday Blitz"]
[Site "Chess.com"]
[Date "2020.07.07"]
[Round "3"]
[White "Klaus1995"]
[Black "H3nriqueTV"]
[Result "1-0"]
[WhiteElo "1873"]
[BlackElo "2219"]
[TimeControl "180+1"]
[EndTime "10:30:10 PDT"]
[Termination "Klaus1995 won by resignation"]

1. e4 c5 2. Nf3 b6 3. d4 cxd4 4. Nxd4 Bb7 5. Nc3 a6 6. Be3 e6 7. f3 Qc7 8. Qd2 Nf6 9. O-O-O d6 10. Kb1 Nbd7 11. g4 Ne5 12. h4 Be7 13. h5 b5 14.
g5 Nfd7 15. a3 Nc4 16. Bxc4 Qxc4 17. f4 Rc8 18. Rhg1 Nc5 19. e5 dxe5 20. fxe5 Ne4 21. Nxe4 Bxe4 22. Ka1 b4 23. b3 Qc3+ 24. Qxc3 bxc3 25.
Ka2 Bc5 26. Rc1 O-O 27. Rge1 Rfd8 28. Nxe6 fxe6 29. Bxc5 Bxc2 30. Bd6 Bf5 31. h6 g6 32. Red1 Rc6 33. Be7 Rdc8 34. Bf6 R6c7 35. Rd6 c2 36.
Rxa6 Rd7 37. Rd6 Rcc7 38. Kb2 Kf7 39. Rxd7+ Rxd7 40. Rxc2 Bxc2 41. Kxc2 Rd5 42. Kc3 Ke8 43.
b4 Kd7 44. a4 Kc6 45. Kc4 Rd1 46. b5+ Kb6 47. Kb3 Rd4 48. Be7 Ka5 49. Bd6 Rxa4 50. b6 Ra1 51. Bc7 Rb1+ 52. Kc4 Ka6 53. Kc5 Rd1 54. Kc6 Rc1+ 55. Kd7 Kb7 56. Kxe6 Rf1 57. Ke7 Rf5 58. e6 Rxg5 59. Kf6 Rf5+ 60. Kg7 Rf1 61. Kxh7 g5 62. Kg7 g4 63. h7 Rh1 64.
h8=Q 1-0

[Event "*** SCC Grand Prix: Titled Tuesday Blitz"]
[Site "Chess.com"]
[Date "2020.07.07"]
[Round "3"]
[White "Harsha_Bharathakoti"]
[Black "EvgenyRomanov"]
[Result "1/2-1/2"]
[WhiteElo "2802"]
[BlackElo "2621"]
[TimeControl "180+1"]
[EndTime "10:30:11 PDT"]
[Termination "Game drawn by repetition"]

1. c4 e5 2. Nc3 Bb4 3. Nd5 Bc5 4. Nf3 c6 5. Nc3 d6 6. e3 Bb4 7. Qc2 f5 8. a3 Bxc3 9. Qxc3 Nf6 10. b4 O-O 11.
Bb2 a5 12. Be2 Na6 13. O-O Nc7 14. c5 e4 15. Nd4 Ncd5 16. Qb3 Kh8 17. Rac1 axb4 18.
axb4 f4 19. f3 fxe3 20. dxe3 exf3 21. Bxf3 dxc5 22. bxc5 Qe7 23. e4 Nf4 24. Rfe1 Ng4 25. Nf5 Bxf5 26. exf5 Qh4 27. Bxg4 Qxg4 28. Rc2 Qxf5 29.
Rd2 Qg6 30. Qg3 Qxg3 31. hxg3 Nd5 32. Rd4 Rae8 33. Red1 Re7 34. R4d2 h6 35. Bd4 Kg8 36. Rb2 Rfe8 37. Rdb1 Re1+ 38. Kf2 Rxb1 39. Rxb1 Re7 40. Kf3 g5 41. g4 Kh7 42. Rb2 Kg6 43. Rb3 Nf4 44.
Rb2 Ne6 45. Be3 Rd7 46. Ke4 Re7 47. Kf3 Rf7+ 48. Ke4 Nf4 49. g3 Nd5 50. Bd4 Re7+ 51. Kd3 Nf6 52. Bxf6 Kxf6 53. Kd4 Rd7+ 54. Ke4 Ke6 55.
Rh2 Rh7 56. Kd4 Kf6 57. Rf2+ Ke6 58. Re2+ Kf6 59. Rf2+ Ke6 60. Re2+ Kf6 61. Rf2+ 1/2-1/2

[Event "*** SCC Grand Prix: Titled Tuesday Blitz"]
[Site "Chess.com"]
[Date "2020.07.07"]
[Round "3"]
[White "suyu28"]
[Black "margarita_2703"]
[Result "1-0"]
[WhiteElo "2577"]
[BlackElo "2383"]
[TimeControl "180+1"]
[EndTime "10:30:11 PDT"]
[Termination "suyu28 won by resignation"]

1. e4 Nf6 2. e5 Nd5 3. d4 d6 4. exd6 cxd6 5. c4 Nb6 6. Nc3 g6 7. Be3 Bg7 8. Nf3 O-O 9. Rc1 Nc6 10. Be2 d5 11. c5 Nc4 12. Bxc4 dxc4 13. d5 Nb4 14. O-O Bxc3 15. Rxc3 Qxd5 16. Qxd5 Nxd5 17. Rxc4 Nxe3 18. fxe3 Be6 19. Rd4 Rfc8 20. b4 a5 21. a3 axb4 22. axb4 Ra3 23. e4 h6 24. Rfd1 Kg7 25.
Kf2 Rc6 26. Ne5 Rca6 27. R1d2 Rb3 28. Nd3 f5 29. Nf4 Bf7 30. e5 g5 31. Nd3 f4 32.
Rd7 Bg6 33. Rxe7+ Kf8 34. Rd7 Bf5 35. Rd4 Ke7 36. Ne1 Ra1 37. h4 Rbb1 38. Nf3 Ra4 39. hxg5 hxg5 40. Nxg5 Raxb4 41. Nf3 Rxd4 42. Rxd4 Rb2+ 43.
Kg1 Be6 44. Rxf4 Rc2 45. Rb4 Rxc5 46. Rxb7+ Bd7 47. Kf2 Ke6 48. Nd4+ Kxe5 49. Rxd7 Rc4 50. Ne2 Rc2 51. Rd3 Ke4 52. Rf3 Ra2 53. Rf4+ Ke5 54.
Rf3 Ke4 55. g4 Ra5 56. Ng3+ 1-0

[Event "*** SCC Grand Prix: Titled Tuesday Blitz"]
[Site "Chess.com"]
[Date "2020.07.07"]
[Round "3"]
[White "GMKrikor"]
[Black "Konavets"]
[Result "1/2-1/2"]
[WhiteElo "2681"]
[BlackElo "2956"]
[TimeControl "180+1"]
[EndTime "10:30:12 PDT"]
[Termination "Game drawn by agreement"]

1. e4 c6 2. d4 d5 3. Nc3 dxe4 4. Nxe4 Bf5 5. Ng3 Bg6 6. h4 h6 7. Nf3 e6 8. Ne5 Bh7 9. Bd3 Bxd3 10. Qxd3 Nd7 11.
Bf4 Ngf6 12. O-O-O Be7 13. Kb1 Qa5 14. Ne4 Nxe4 15.
Qxe4 Qd5 16. Qxd5 cxd5 17. h5 Nxe5 18. dxe5 Rc8 19. Be3 a6 20. f4 Rc4 21. Rd4 b5 22.
b3 Rc6 23. Rd3 O-O 24. g4 Rfc8 25. Rh2 f6 26. exf6 Bxf6 27. Re2 Bc3 28. Bd4 b4 29. Bxc3 bxc3 30. f5 exf5 31. gxf5 Rc5 32. Re5 Rd8 33.
b4 Rc4 34. a3 d4 35. Ka2 Rc6 36. Kb3 Kf7 37. Rc5 Rcd6 38. Kc4 Kf6 39. a4 Kg5 40. b5 axb5+ 41. axb5 Kxh5 42. Rc6 R6d7 43. b6 Kg4 44. Kc5 Kxf5 45. Rc7 Rd5+ 46. Kc4 Ke5 47. b7 Rb8 48. Rxg7 Ra5 49. Re7+ Kd6 50. Rh7 Kc6 51. Rxd4 Ra4+ 52. Kxc3 Rxd4 53. Kxd4 Rxb7 54. Rxh6+ Kb5 55. c4+ Kb4 56. Rd6 Rb8 57. Kd5 Ka5 58. Kc5 Rc8+ 59. Rc6 Rh8 60. Kd6 Rh6+ 61. Kc7 Rh5 62.
c5 Kb5 63. Rf6 Rxc5+ 64. Kd7 Rh5 65. Ke7 Kc5 66. Ke6 1/2-1/2

[Event "*** SCC Grand Prix: Titled Tuesday Blitz"]
[Site "Chess.com"]
[Date "2020.07.07"]
[Round "3"]
[White "swisspower96"]
[Black "sewin16"]
[Result "1-0"]
[WhiteElo "2614"]
[BlackElo "2410"]
[TimeControl "180+1"]
[EndTime "10:30:12 PDT"]
[Termination "swisspower96 won on time"]

1. d4 Nf6 2. c4 e6 3. Nf3 b6 4. g3 Ba6 5. Nbd2 Bb4 6. Qa4 Bxd2+ 7. Bxd2 Bb7 8. Bg2 O-O 9. O-O Be4 10. Rac1 h6 11.
Rfd1 Nc6 12. Bc3 Re8 13. Ne5 Bxg2 14. Kxg2 Ne7 15. f3 d6 16. Nd3 Qd7 17. Qxd7 Nxd7 18.
e4 Rec8 19. b4 c6 20. a4 d5 21. c5 bxc5 22. dxc5 a6 23. Rb1 f6 24. Nc1 Kf7 25. Nb3 e5 26. Na5 d4 27. Bd2 Rab8 28.
f4 f5 29. exf5 e4 30. g4 Nd5 31. Nc4 Kf8 32. Kg3 N7f6 33. Be1 d3 34. Bf2 Nxb4 35. Nd6 Rd8 36. Bd4 Nbd5 37. Bxf6 Nxf6 38. g5 Nd5 39.
Nxe4 Re8 40. Kf3 Rxb1 41. Rxb1 Rxe4 42. Kxe4 Nc3+ 43. Kxd3 Nxb1 44. Kc2 Na3+ 45. Kb3 Nb1 46. Kc2 Na3+ 47. Kd3 Ke7 48. h4 Nb1 49. h5 Na3 50. Kc3 Nb1+ 51. Kc2 Na3+ 52. Kb3 Nb1 53. Kb4 Nd2 54.
Ka5 Nb3+ 55. Kb6 Kd7 56. f6 gxf6 57. gxh6 Nd4 58. h7 1-0

[Event "*** SCC Grand Prix: Titled Tuesday Blitz"]
[Site "Chess.com"]
[Date "2020.07.07"]
[Round "3"]
[White "monalize"]
[Black "Stormeman100100"]
[Result "1-0"]
[WhiteElo "2262"]
[BlackElo "2431"]
[TimeControl "180+1"]
[EndTime "10:30:12 PDT"]
[Termination "monalize won by checkmate"]

1. e4 e5 2. Nf3 Nc6 3. d4 exd4 4. Nxd4 Nf6 5. Nxc6 bxc6 6. e5 Qe7 7. Qe2 Nd5 8.
c4 Ba6 9. b3 g6 10. Bb2 Bg7 11. Nd2 O-O 12. Qe4 Nb6 13. O-O-O d5 14. exd6 Bxb2+ 15.
Kxb2 Qf6+ 16. Kb1 cxd6 17. Qf3 Qe5 18. Bd3 d5 19. cxd5 Bxd3+ 20. Qxd3 Nxd5 21. Nf3 Qf6 22. Rc1 a5 23. Qd4 Qf5+ 24. Ka1 a4 25. b4 a3 26. Rxc6 Rab8 27. Rb1 Rfd8 28. Rc5 Qxb1+ 29. Kxb1 Rxb4+ 30. Qxb4 Nxb4 31. Kc1 Nxa2+ 32. Kc2 Nb4+ 33. Kb3 Nd3 34. Ra5 Rb8+ 35. Kxa3 Nxf2 36. Rd5 Ne4 37. Rd7 Nf6 38. Ra7 Rb5 39. h4 h6 40. Ka4 Kg7 41. Kxb5 Ne4 42. Kc4 Nd6+ 43. Kd5 Nb5 44. Rb7 Nc3+ 45. Kd4 Ne2+ 46.
Ke3 Ng3 47. Ne5 Nf5+ 48. Kf4 Nd6 49. Rd7 Nb5 50. Rxf7+ Kg8 51. Rd7 Nc3 52. Nxg6 Ne2+ 53. Ke5 Ng3 54. Ra7 Nh5 55. g4 Ng7 56. Nf4 h5 57.
gxh5 Ne8 58. Kf5 Nd6+ 59. Kg6 Ne8 60. Ne6 Nd6 61. Ra8+ Ne8 62. Rxe8# 1-0

[Event "*** SCC Grand Prix: Titled Tuesday Blitz"]
[Site "Chess.com"]
[Date "2020.07.07"]
[Round "3"]
[White "FMalexhdez"]
[Black "DishonorOnYourCow"]
[Result "1/2-1/2"]
[WhiteElo "2123"]
[BlackElo "2320"]
[TimeControl "180+1"]
[EndTime "10:30:12 PDT"]
[Termination "Game drawn - insufficient material"]

1. e4 e5 2. Nf3 Nc6 3. Bb5 Nf6 4. d3 Bc5 5. O-O Nd4 6. Nxd4 Bxd4 7. c3 Bb6 8. Bg5 c6 9. Ba4 O-O 10. Nd2 h6 11.
Bh4 d6 12. Nc4 Bc7 13. Ne3 Be6 14. Bb3 Re8 15. h3 a5 16. a4 g5 17. Bg3 d5 18.
Bc2 d4 19. Ng4 Nxg4 20. hxg4 dxc3 21. bxc3 Qd7 22. d4 Bxg4 23. f3 Bh5 24. Rb1 exd4 25.
Bxc7 Qxc7 26. cxd4 Rad8 27. Qd2 Qd7 28. Rfd1 Re6 29.
Qc3 Rd6 30. e5 Rxd4 31. Rxd4 Qxd4+ 32. Qxd4 Rxd4 33. Rxb7 Rd2 34. Be4 c5 35. Rc7 Rd4 36. Rxc5 Rxa4 37. Rc6 Kg7 38. Ra6 g4 39. Bc6 Ra1+ 40.
Kh2 gxf3 41. gxf3 Bg6 42. Kg3 h5 43. Ra7 Kh6 44. Be8 Re1 45. Rxa5 Rg1+ 46. Kf2 Rb1 47. Ra7 Rb2+ 48. Kg3 Re2 49. f4 Re3+ 50. Kf2 Re4 51. Kf3 Re1 52. Bxf7 Bxf7 53. Rxf7 Kg6 54. Rf6+ Kg7 55.
Rf5 Kg6 56. Rg5+ Kh6 57. Rg2 h4 58. Re2 Rf1+ 59. Kg2 Rxf4 60. e6 Rf8 61. e7 Re8 62.
Kh3 Kg7 63. Kxh4 Kf7 64. Kg5 Rxe7 65. Rxe7+ Kxe7 1/2-1/2

[Event "*** SCC Grand Prix: Titled Tuesday Blitz"]
[Site "Chess.com"]
[Date "2020.07.07"]
[Round "3"]
[White "GM4life"]
[Black "Bazarov04"]
[Result "1-0"]
[WhiteElo "2350"]
[BlackElo "2607"]
[TimeControl "180+1"]
[EndTime "10:30:13 PDT"]
[Termination "GM4life won by resignation"]

1. e4 e6 2. d3 d5 3. Nc3 Nf6 4. Nf3 c5 5. Be2 Nc6 6. O-O Be7 7. exd5 exd5 8. Re1 O-O 9. h3 d4 10. Nb1 Nd5 11. Nbd2 Be6 12. Nc4 h6 13. Bf1 Qc7 14.
Nce5 Nxe5 15. Nxe5 Bd6 16. Nc4 Be7 17. a4 Rfe8 18.
Qf3 Bf6 19. Bd2 Rad8 20. a5 Bg5 21. Bxg5 hxg5 22. Qh5 f6 23. g3 Bf7 24. Qf3 Qd7 25.
Bg2 Kf8 26. Kh2 Re7 27. Rxe7 Qxe7 28. Qf5 Kg8 29. Be4 g6 30. Qf3 f5 31. Bxd5 Bxd5 32.
Qd1 Re8 33. Qd2 Qe2 34. Rd1 Qxd2 35. Nxd2 Re2 36. Kg1 Kf7 37. Kf1 Re8 38. c3 Rh8 39. cxd4 cxd4 40. Rc1 Rxh3 41. Rc7+ Ke6 42. Rg7 Rh1+ 43.
Ke2 Kf6 44. Rd7 Ke5 45. Rg7 Ra1 46. Rxg6 Rxa5 47. Rxg5 Rb5 48. g4 Rxb2 49. Rxf5+ Ke6 50. Rf4 a5 51. Rxd4 b5 52. Ke3 a4 53. Ne4 a3 54.
Nc3 a2 55. Nxa2 Rxa2 56. g5 Ra8 57. f4 Kd6 58. f5 Kc5 59. g6 b4 60. f6 Re8+ 61.
Re4 Rb8 62. f7 Bxe4 63. g7 Bd5 64. f8=Q+ Rxf8 65. gxf8=Q+ Kb5 66. Qb8+ 1-0

[Event "*** SCC Grand Prix: Titled Tuesday Blitz"]
[Site "Chess.com"]
[Date "2020.07.07"]
[Round "3"]
[White "Marty435"]
[Black "pavlitas17"]
[Result "1-0"]
[WhiteElo "2511"]
[BlackElo "2286"]
[TimeControl "180+1"]
[EndTime "10:30:14 PDT"]
[Termination "Marty435 won by checkmate"]

1. Nf3 Nf6 2. c4 g6 3. Nc3 Bg7 4. e4 d6 5. d4 O-O 6. h3 c5 7. d5 e6 8. Bd3 exd5 9. cxd5 Bd7 10. a4 b5 11. axb5 c4 12. Bc2 Qb6 13. O-O Bxb5 14. Be3 Qb7 15. Bf4 Rd8 16. Qd2 Ne8 17. Nd4 Bd7 18.
Bg5 f6 19. Be3 Na6 20. Ba4 Nc5 21. Bxd7 Rxd7 22. Qe2 Nb3 23. Ra4 f5 24. Rxc4 f4 25.
Nxb3 fxe3 26. Na5 Qb6 27. Nc6 exf2+ 28. Rxf2 Rf7 29. Na4 Qxf2+ 30. Qxf2 Rxf2 31. Kxf2 Kf7 32. Rb4 Rc8 33. Rb7+ Rc7 34. Rxa7 Rxa7 35. Nxa7 Bd4+ 36. Ke2 Bxa7 37. Kd3 Nf6 38. Kc4 Nxe4 39. Kb5 Ke7 40. Kc6 Bd4 41. b4 Nc3 42. Nxc3 Bxc3 43. b5 Ba5 44. b6 Kd8 45. Kb7 g5 46. Ka7 Bxb6+ 47. Kxb6 Kd7 48. g4 Kd8 49. Kc6 Ke7 50. Kc7 h6 51. Kc6 Kf6 52. Kxd6 Kf7 53. Ke5 Ke7 54. Kf5 Kd6 55. Kg6 Kxd5 56. Kxh6 Ke6 57. Kxg5 Kf7 58. h4 Kg7 59. h5 Kh7 60. h6 Kg8 61. Kg6 Kh8 62.
g5 Kg8 63. Kh5 Kh8 64. g6 Kg8 65. Kg5 Kh8 66. Kf6 Kg8 67. g7 Kh7 68. Kf7 Kxh6 69. g8=Q Kh5 70. Qg3 Kh6 71. Qh4# 1-0

[Event "*** SCC Grand Prix: Titled Tuesday Blitz"]
[Site "Chess.com"]
[Date "2020.07.07"]
[Round "3"]
[White "karinachess1"]
[Black "1f3_2g41-0"]
[Result "0-1"]
[WhiteElo "2493"]
[BlackElo "2289"]
[TimeControl "180+1"]
[EndTime "10:30:15 PDT"]
[Termination "1f3_2g41-0 won by resignation"]

1. c4 Nf6 2. Nc3 c5 3. Nf3 g6 4. d4 cxd4 5. Nxd4 Bg7 6. e4 d6 7. Be2 O-O 8. O-O Nc6 9. Nc2 h5 10. Bg5 Bg4 11. f3 Be6 12. Qd2 Rc8 13. Rac1 Nd7 14.
Rfd1 Qb6+ 15. Ne3 Qc5 16. Bf4 Nd4 17. Bf1 Ne5 18. Kh1 Nec6 19. Ned5 Bxd5 20. exd5 Na5 21.
Ne4 Qc7 22. b4 Nab3 23. axb3 Nxb3 24. Qc2 Nxc1 25. Rxc1 a5 26. Qb3 Qb6 27. b5 Bd4 28.
Bd3 Kg7 29. Qd1 Be3 30. Bxe3 Qxe3 31. Rb1 b6 32. Qf1 Rcd8 33. Re1 Qd4 34. Ng5 Rd7 35. Qe2 Qh4 36. Ne4 e5 37. dxe6 fxe6 38. Ng3 Re7 39. Qb2+ Qf6 40. Qxf6+ Rxf6 41. Ne4 Rf4 42. Ng5 Rd4 43. Nxe6+ Rxe6 44. Rxe6 Rxd3 45. Kg1 a4 46. Re7+ Kf6 47. Rb7 a3 48. Ra7 Ke5 49. Kf2 Kd4 50. g4 Kxc4 51. gxh5 gxh5 52. f4 Kb3 53. f5 a2 54. f6 Rd5 55. Ke3 Rf5 56. f7 Kb2 57. Ke4 Rxf7 58. Ra6 a1=Q 59. Rxa1 Kxa1 60. Kd5 Rf6 61. Kc6 Kb2 62. Kxb6 Kb3 63. Kc6 Kb4 64. b6 d5+ 65. Kxd5 Rxb6 66. Ke5 Rg6 67. Kf5 Rg2 0-1

[Event "*** SCC Grand Prix: Titled Tuesday Blitz"]
[Site "Chess.com"]
[Date "2020.07.07"]
[Round "3"]
[White "RestartingChess"]
[Black "2008king"]
[Result "1/2-1/2"]
[WhiteElo "2495"]
[BlackElo "2257"]
[TimeControl "180+1"]
[EndTime "10:30:15 PDT"]
[Termination "Game drawn by agreement"]

1. e4 e5 2. Nf3 Nc6 3. Bc4 Bc5 4. c3 Nf6 5. O-O d6 6. d4 exd4 7. cxd4 Bb6 8. e5 dxe5 9. Nxe5 Nxe5 10. dxe5 Qxd1 11.
Rxd1 Ne4 12. Rf1 O-O 13. Bd5 Nc5 14. Be3 Be6 15. Bxc5 Bxc5 16. Bxe6 fxe6 17. Nc3 Bd4 18. Rae1 c6 19. Re4 Rad8 20. g4 Rf3 21. Kg2 Rd3 22.
Ne2 Bxb2 23. Rb4 Rd2 24. Nf4 Bxe5 25. Nxe6 Re8 26. Ng5 b6 27. Nf3 Rdd8 28. Re4 Bf6 29. Rxe8+ Rxe8 30. g5 Bb2 31. Rd1 Re7 32. Rd2 Ba3 33.
g6 hxg6 34. Ng5 Re8 35. Rd7 Be7 36. Ne6 Bf6 37. Nf4 g5 38. Nh5 Be5 39. Rxa7 Re6 40. Ng3 Bxg3 41. Kxg3 Re2 42. f3 Kh7 43. h3 Kg6 44.
Rc7 Rxa2 45. Rxc6+ Kh5 46. Rxb6 Ra3 47. Rb7 Kg6 48.
Rb6+ Kh5 49. Rb5 Kg6 50. Kg4 Ra4+ 51. Kg3 Ra3 52. Rb4 Kf5 53. h4 gxh4+ 54. Rxh4 g5 55. Rh8 Rb3 56. Rf8+ Kg6 57. Kg4 Rb4+ 58. Kg3 Kh5 59.
Rf5 Kg6 60. Rc5 Kh5 61. Rc6 Rb3 62. Ra6 Rb4 63. Ra1 Rb3 64. Rh1+ Kg6 65. Kg4 Rb4+ 66. Kg3 Kf5 67. Re1 Rb3 68. Re4 Kg6 69. Rd4 Kf5 70.
Rd5+ Kg6 71. Rd4 Kh5 72. Rc4 Ra3 73. Rc8 Rb3 74. Rh8+ Kg6 75. Rg8+ Kf6 76. Kg4 Rb4+ 77. Kh3 Kf5 78. Rf8+ Kg6 79. Kg3 Kh5 80. Rf6 Ra4 1/2-1/2